 Dungeon Crawl Stone Soup version 0.31-a0-198-g2ad674f65e (webtiles) character file.

Game seed: 3397535230412584425

70 qw the Shooter (level 4, -5/25 HPs)
             Began as a Deep Elf Hunter on June 25, 2023.
             Killed by divine providence
             ... invoked by an orc priest
              (9 damage)
             ... on level 4 of the Dungeon.
             The game lasted 00:00:17 (801 turns).

qw the Shooter (Deep Elf Hunter)                     Turns: 801, Time: 00:00:17

Health: -5/25      AC:  6    Str: 10    XL:     4   Next: 4%
Magic:  6/6        EV: 12    Int: 14    God:
Gold:   67         SH:  0    Dex: 18    Spells: 3/3 levels left

rFire   . . .        f - +0 longbow
rCold   . . .        (shield currently unavailable)
rNeg    . . .        c - +0 leather armour
rPois   .            (no helmet)
rElec   .            (no cloak)
rCorr   .            h - +2 pair of gloves
SInv    .            (no boots)
Will    .....        (no amulet)
Stlth   ++           (no ring)
HPRegen 0.24/turn    (no ring)
MPRegen 0.10/turn

%: no passive effects
@: no status effects
A: no striking features
a: no special abilities


You were on level 4 of the Dungeon.
You visited 1 branch of the dungeon, and saw 3 of its levels.

You collected 67 gold pieces.


   Skills:
 - Level 1.5 Fighting
 + Level 7.4 Ranged Weapons
 - Level 2.4 Dodging
 - Level 1.2 Stealth


You had 3 spell levels left.
You didn't know any spells.
Your spell library was empty.

Inventory:

Hand Weapons
 f - a +0 longbow (weapon)
Armour
 c - a +0 leather armour (worn)
 h - a +2 pair of gloves (worn)
Jewellery
 b - an amulet of the acrobat
Potions
 a - a potion of enlightenment {unknown}
 d - a potion of lignification {unknown}
 e - a potion of degeneration {unknown}

Dungeon Overview and Level Annotations

Branches:
Dungeon (2/15)

Altars:


Message History

There is an open door here.
A howler monkey, an orc wizard and 2 orcs come into view.
An orc is wielding a +1 flail of protection.
The orc shouts!
The orc wizard shouts!
You hear a shout!
An orc priest comes into view. It is wielding a +0 short sword.
The orc moves out of view.
The howler monkey howls!
The orc shouts!
794 ||| Stepping ~*~*~tactically~*~*~ (outnumbered).
There is an open door here.
You shoot an arrow. The arrow hits the orc wizard.
The orc wizard is lightly wounded.
Something unseen opens the door.
You shoot an arrow.
The arrow closely misses the orc wizard.
The orc closely misses you.
The orc wizard hits you but does no damage.
You shoot an arrow.
The arrow hits the orc wizard but does no damage.
The orc wizard is lightly wounded.
The orc wizard hits you but does no damage.
The orc closely misses you.
You shoot an arrow. The arrow hits the orc wizard!
You kill the orc wizard!
The orc hits you with a +1 flail of protection. x2
The orc hits you with a +0 flail.
Your Ranged Weapons skill increases to level 7!
You have reached level 4!
You feel clever.
You shoot an arrow.
The arrow hits the orc but does no damage.
The orc hits you with a +1 flail of protection.
The orc misses you.
You shoot an arrow. The arrow hits the orc!
You kill the orc!
The orc hits you with a +0 flail. The howler monkey barely misses you.
You shoot an arrow. The arrow barely misses the orc priest.
The orc priest hits you but does no damage.
The orc misses you. The howler monkey hits you.
The orc priest calls down the wrath of Beogh upon you.
Beogh smites you!
You die...

.......+......'....#.
......#..##..##..##. #
#....##..##..##..#.. ..
#....#...#....%..#.. ...
#....#...#.......#..
....#....#...'.......#..
..'....#...#.......# .
#.hoo#.########.##
#ho..#@##.## #.# .'...
#.....# ... .#.o #.....#
...' #. .)####'########
##. # #..............
+..............
#..............
#..............
#####..........


You could see a howler monkey, an orc priest and an orc.

Vanquished Creatures
  An orc wizard (D:4)
  Terence (D:2)
  2 orcs (D:4)
  5 ball pythons
  2 bats (D:1)
  An endoplasm (D:2)
  A giant cockroach (D:4)
  A quokka (D:1)
  4 frilled lizards (D:1)
  2 kobolds
20 creatures vanquished.

Notes
Turn   | Place    | Note
-------+----------+-------------------------------------------
     0 | D:1      | qw the Deep Elf Hunter began the quest for the Orb.
     0 | D:1      | Reached XP level 1. HP: 12/12 MP: 3/3
     0 | D:1      | 0 ||| qw: Version: 0.3-a-22-g0ed2b0b
     0 | D:1      | 0 ||| qw: Game counter: 5265
     0 | D:1      | 0 ||| qw: Melee chars always use a shield: true
     0 | D:1      | 0 ||| qw: God list: Okawaru
     0 | D:1      | 0 ||| qw: Allow faded altars: false
     0 | D:1      | 0 ||| qw: Do Orc after clearing Dungeon:15 true
     0 | D:1      | 0 ||| qw: Do second Lair branch before Depths: true
     0 | D:1      | 0 ||| qw: Lair rune preference: random
     0 | D:1      | 0 ||| qw: Goals: Normal
     0 | D:1      | 0 ||| PLANNING D:1-11
   199 | D:1      | Reached skill level 6 in Ranged Weapons
   199 | D:1      | Reached XP level 2. HP: 16/16 MP: 4/4
   415 | D:1      | 415 ||| UPGRADING to +2 pair of gloves.
   420 | D:1      | 420 ||| READING scroll labelled AGISTR WOMOVORI.
   421 | D:1      | 421 ||| READING scroll labelled TEIGEH LYIDOST.
   422 | D:1      | 422 ||| READING scroll labelled IBUEDO SUOVAZA.
   423 | D:1      | 423 ||| READING scroll labelled ABILEU INIA.
   524 | D:1      | 524 ||| READING scroll labelled USMISE VAIWOXU.
   525 | D:1      | 525 ||| DROPPING scroll of butterflies.
   565 | D:2      | Noticed Terence
   572 | D:2      | HP: 4/16 [Terence/+1 falchion of holy wrath (7)]
   575 | D:2      | Killed Terence
   576 | D:2      | Reached XP level 3. HP: 3/20 MP: 5/5
   683 | D:2      | You fall into a shaft and drop 2 floors!
   708 | D:4      | 708 ||| SWAPPING to +0 longbow.
   710 | D:4      | 710 ||| DROPPING +0 shortbow.
   794 | D:4      | 794 ||| Stepping ~*~*~tactically~*~*~ (outnumbered).
   799 | D:4      | Reached skill level 7 in Ranged Weapons
   799 | D:4      | Reached XP level 4. HP: 11/25 MP: 6/6
   800 | D:4      | HP: 5/25 [orc/+0 flail (3)]
   801 | D:4      | Killed from afar by an orc priest

Levels and vault maps discovered:
D:1:      dpeg_arrival_tiny_g, layout_rooms
D:2:      minmay_inner_zag, layout_rooms, minmay_goblin_kobold_house,
          uniq_terence, uniq_jessica
D:4:      layout_gridville

Skill      XL: |  1  2  3 |
---------------+----------+-----
Ranged Weapons | 6 7 |  7.4
Fighting       | |  1.5
Dodging        | |  2.4
Stealth        | |  1.2

Action                     |  1- 3 |  4- 6 || total
---------------------------+-------+-------++-------
   Fire: Shortbow          |    35 |       ||    35
         Longbow           |    13 |     3 ||    16
    Use: Scroll            |     5 |       ||     5
 Armour: Leather armour    |     5 |     1 ||     6
  Dodge: Dodged            |    16 |     3 ||    19

Table legend:
 A = Non-vault XP
 B = Vault XP
 C = Vault XP percentage of total XP
 D = Non-vault monster count
 E = Vault monster count
 F = Vault count percentage of total count
                 A         B        C        D         E       F
            +---------+---------+-------+---------+---------+-------
      Total |      69 |      32 |  31.7 |      19 |       1 |   5.0
            +---------+---------+-------+---------+---------+-------
        D:1 |      19 |       0 |   0.0 |      12 |       0 |   0.0
        D:2 |       2 |      32 |  94.1 |       1 |       1 |  50.0
        D:4 |      48 |       0 |   0.0 |       6 |       0 |   0.0
            +---------+---------+-------+---------+---------+-------
